 Dungeon Crawl Stone Soup version 0.28.0-47-ge53b351184 (webtiles) character file.

Game seed: 1059584089437758354

51 terff the Chopper (level 3, -9/33 HPs)
             Began as a Hill Orc Monk on May 1, 2022.
             Killed by nerve-wracking pain
             ... invoked by Grinder
              (13 damage)
             ... on level 3 of the Dungeon.
             The game lasted 00:03:44 (2144 turns).

terff the Chopper (Hill Orc Monk)                   Turns: 2144, Time: 00:03:45

Health: -9/33      AC:  5    Str: 13    XL:     3   Next: 81%
Magic:  3/3        EV: 11    Int: 10    God:
Gold:   57         SH:  5    Dex: 15    Spells: 2/2 levels left

rFire   . . .      SeeInvis .   a - +1 hand axe
rCold   . . .      Faith    .   (no shield)
rNeg    . . .      Spirit   .   f - +0 ring mail
rPois   .          Reflect  +   (no helmet)
rElec   .          Harm     .   (no cloak)
rCorr   .          Rampage  .   (no gloves)
Will    +....                   (no boots)
Stlth   +.........              d - amulet of reflection
HPRegen 0.11/turn               g - ring of willpower
MPRegen 0.08/turn               (no ring)

@: no status effects
A: no striking features
a: no special abilities


You were on level 3 of the Dungeon.
You visited 1 branch of the dungeon, and saw 4 of its levels.

You collected 57 gold pieces.

Inventory:

Hand Weapons
 a - a +1 hand axe (weapon)
Armour
 b - a +0 robe
 f - a +0 ring mail (worn)
Jewellery
 d - an amulet of reflection (around neck)
 g - a ring of willpower (left hand)
Scrolls
 c - a scroll of teleportation
 e - a scroll of blinking
 h - a scroll of identify
 i - a scroll of noise {unknown}


   Skills:
 + Level 4.2 Fighting
 + Level 5.0 Axes
 + Level 2.8 Dodging
 + Level 1.7 Stealth
 + Level 0.3 Shields


You had 2 spell levels left.
You didn't know any spells.
Your spell library contained the following spells:

 Spells                   Type           Power      Damage    Failure   Level
 Corpse Rot               Necr/Air       0%         N/A       77%         2
 Dispel Undead            Necr           0%         3d6       100%        4
 Death Channel            Necr           0%         N/A       100%        6


Dungeon Overview and Level Annotations

Branches:
Dungeon (4/15)
 Temple: D:4-7

Altars:

Annotations:
D:3 Grinder


Message History

You barely miss Grinder.
Grinder is severely wounded.
Grinder hits you.
You writhe in agony.
You hit Grinder.
Grinder is severely wounded.
Grinder hits you.
You writhe in agony.
* * * LOW HITPOINT WARNING * * *
You hit Grinder but do no damage.
Grinder is severely wounded.
You block Grinder's attack.
You hit Grinder.
Grinder is severely wounded.
Grinder blinks!
You see here a rat corpse.
You hit Grinder.
Grinder is almost dead.
Grinder gestures at you. Pain shoots through your body!
* * * LOW HITPOINT WARNING * * *
You hit Grinder.
Grinder is almost dead.
Grinder closely misses you.
You closely miss Grinder.
Grinder is almost dead.
Grinder closely misses you.
You closely miss Grinder.
Grinder is almost dead.
Grinder barely misses you.
You barely miss Grinder.
Grinder is almost dead.
Grinder closely misses you.
You hit Grinder.
Grinder is almost dead.
Grinder gestures at you. You resist with significant effort.
You closely miss Grinder.
Grinder is almost dead.
Grinder gestures at you. Pain shoots through your body!
You die...

..#
.............#.#
...
#..########...##
..#
#....####.....#
#. #......##.##
##.5#### .#
##..†.# .#
#....##)# #
.....#####†##.#
.... #@5..# ...
####.# .. .. .
... ... ##


You could see Grinder.

Vanquished Creatures
  An adder (D:2)
  A worm (D:3)
  A dart slug (D:1)
  An orc (D:3)
  2 endoplasms (D:1)
  A giant cockroach (D:3)
  3 goblins (D:1)
  4 hobgoblins (D:1)
  4 jackals (D:1)
  A quokka (D:1)
  3 ball pythons
  A bat (D:3)
  5 frilled lizards
  3 kobolds
  4 rats
35 creatures vanquished.

Notes
Turn   | Place    | Note
-------+----------+-------------------------------------------
     0 | D:1      | terff the Hill Orc Monk began the quest for the Orb.
     0 | D:1      | Reached XP level 1. HP: 19/19 MP: 1/1
   269 | D:1      | Reached XP level 2. HP: 27/27 MP: 2/2
   320 | D:1      | Found a faded altar of an unknown god.
   845 | D:1      | Reached XP level 3. HP: 32/33 MP: 3/3
  1221 | D:2      | Noticed a black bear
  1722 | D:3      | Noticed a phantom
  2089 | D:3      | Noticed Grinder
  2121 | D:3      | Reached skill level 5 in Axes
  2144 | D:3      | Killed from afar by Grinder

Illustrated notes

Levels and vault maps discovered:
D:1:      eino_arrival_cavern_b, layout_loops_cross,
          ebering_ecumenical_altar_mist, chequers_serial_rivers_micro_e
D:2:      layout_basic
D:3:      layout_rooms, uniq_grinder
D:4:      layout_loops_corners, serial_shops, nicolae_square_shop

Skill      XL: |  1  2  3 |
---------------+----------+-----
Fighting       | 4 |  4.2
Axes           | 5 |  5.0
Dodging        | |  2.8
Stealth        | |  1.7
Shields        | |  0.3

Action                   || total
-------------------------++-------
Melee: Hand axe          ||   126
       Punch             ||     1
  Use: Scroll            ||     5
 Stab: Sleeping          ||     1
Armor: Robe              ||     9
       Ring mail         ||    13
Dodge: Dodged            ||    58
Block: Other             ||    21
       Reflection        ||     1
